 Dungeon Crawl Stone Soup version 0.32-a0-7-ge934b4519a (webtiles) character file.

Game seed: 3965475671045012566

223772 case the Conqueror (level 18, -5/300 HPs)
             Began as a Minotaur Berserker on Jan 13, 2024.
             Was the Champion of Trog.
             Slain by a spark wasp (14 damage)
             ... on level 4 of the Spider Nest.
             The game lasted 01:06:55 (33368 turns).

case the Conqueror (Minotaur Berserker)            Turns: 33368, Time: 01:07:01

Health: -5/300     AC: 42    Str: 38    XL:     18   Next: 57%
Magic:  2/2        EV: 13    Int:  4    God:    Trog [******]
Gold:   1544       SH:  0    Dex:  8    Spells: 17/17 levels left

rFire   + + .        R - +9 executioner's axe "Newtslayer" {antimagic, rPois rF- Str+5 Dex-2}
rCold   + . .        (shield currently unavailable)
rNeg    + . .        J - +8 crystal plate armour of Wasted Space {Slay+2 Stlth+}
rPois   +            l - +2 hat
rElec   .            X - +2 cloak {rC+}
rCorr   .            z - +1 pair of gloves {Str+3}
SInv    .            O - +0 pair of boots "Atelaot" {+Blink rPois MP-9 Stlth+}
Will    +++..        Y - amulet of Attitude {Faith ^Contam ^Drain rPois rF+++} Stlth
                     v - +5 ring of evasion
HPRegen 1.70/turn    W - ring of positive energy
MPRegen 0.08/turn

%: faith
@: berserking, lethally poisoned (-5 -> -6), strong-willed, regenerating, very
quick
A: horns 2, retaliatory headbutt
}: 1/15 runes: decaying
a: Renounce Religion, Evoke Blink, Berserk, Trog's Hand, Brothers in Arms


You were on level 4 of the Spider Nest.
You worshipped Trog.
Trog was exalted by your worship.
You visited 5 branches of the dungeon, and saw 28 of its levels.
You also visited: Ossuary, Bailey and Ice Cave.

You collected 2784 gold pieces.
You spent 1240 gold pieces at shops.

Inventory:

Hand Weapons
 E - a +9 battleaxe of freezing
 L - a +2 long sword of flaming
 R - the +9 executioner's axe "Newtslayer" (weapon) {antimagic, rPois rF- Str+5 Dex-2}
   (Trog gifted it to you on level 4 of the Lair of Beasts)

   Str+5:     It affects your strength (+5).
   Dex-2:     It affects your dexterity (-2).
   rF-:       It makes you vulnerable to fire.
   rPois:     It protects you from poison
 S - the +11 scimitar of Gin and Tonic {pain, rF+ SInv}
   (You found it on level 1 of the Spider Nest)

   rF+:       It protects you from fire.
   SInv:      It lets you see invisible.
Armour
 f - the +1 pair of boots of Inference {Fly}
   (You acquired it on level 5 of the Lair of Beasts)

   Fly:       It grants you flight.
 l - a +2 hat (worn)
 p - a +4 plate armour of positive energy
 t - the +1 pair of boots of Optimism {rElec rPois Regen+ Str-4}
   (You found it on level 11 of the Dungeon)

   Str-4:     It affects your strength (-4).
   rElec:     It insulates you from electricity.
   rPois:     It protects you from poison Regen+: It increases your rate of
   health regeneration.
 z - a +1 pair of gloves of strength (worn)
 J - the +8 crystal plate armour of Wasted Space (worn) {Slay+2 Stlth+}
   (You found it on level 13 of the Dungeon)

   Slay+2:    It affects your accuracy & damage with ranged weapons and melee
   (+2).
   Stlth+:    It makes you more stealthy.
 O - the +0 pair of boots "Atelaot" (worn) {+Blink rPois MP-9 Stlth+}
   (You acquired it on level 2 of the Swamp)

   rPois:     It protects you from poison MP-9: It affects your magic capacity
   (-9).
   +Blink:    It lets you blink.
   Stlth+:    It makes you more stealthy.
 X - a +2 cloak of cold resistance (worn)
Jewellery
 o - the ring "Syneten" {Fire rElec}
   (You found it on level 3 of the Lair of Beasts)

   [ring of fire]

   Fire:      It enhances your fire magic.
   rF+:       It protects you from fire.
   rC-:       It makes you vulnerable to cold.
   rElec:     It insulates you from electricity.
 s - an amulet of guardian spirit
 v - a +5 ring of evasion (left hand)
 w - a ring of flight
 Q - a ring of ice
 W - a ring of positive energy (right hand)
 Y - the amulet of Attitude (around neck) {Faith ^Contam ^Drain rPois rF+++}
   (You found it in an ice cave)

   [amulet of faith]

   Faith:     It allows you to gain divine favour quickly.
   rF+++:     It renders you almost immune to fire.
   rPois:     It protects you from poison ^Contam: It causes magical
   contamination when unequipped.
   ^Drain:    It drains your maximum health when unequipped.
Wands
 C - a wand of acid (23)
 D - a wand of flame (14)
 M - a wand of charming (12)
 T - a wand of mindburst (2)
 U - a wand of roots (15)
Scrolls
 b - 13 scrolls of teleportation
 e - 9 scrolls of fog
 j - 5 scrolls of vulnerability
 m - 3 scrolls of noise
 n - 2 scrolls of identify
 y - 9 scrolls of immolation
 A - 7 scrolls of fear
 B - 2 scrolls of poison
 G - 5 scrolls of revelation
 H - 3 scrolls of blinking
 I - 3 scrolls of brand weapon
 K - 2 scrolls of enchant weapon
Potions
 a - 3 potions of attraction
 c - 4 potions of heal wounds
 d - 6 potions of enlightenment
 g - 9 potions of lignification
 h - 3 potions of curing
 i - 5 potions of resistance {unknown}
 k - 3 potions of cancellation {unknown}
 q - 5 potions of might {unknown}
 r - 5 potions of haste {unknown}
 u - 9 potions of mutation
 x - 5 potions of invisibility {unknown}
 F - 6 potions of brilliance {unknown}
 P - 2 potions of berserk rage {unknown}
Miscellaneous
 N - a tin of tremorstones (2/2)
 V - a phial of floods


   Skills:
 O Level 27 Fighting
 + Level 22.0 Axes
 * Level 16.7 Armour
 - Level 3.4 Dodging
 - Level 7.2 Shields
 - Level 7.0 Evocations


You had 17 spell levels left.
You didn't know any spells.
Your spell library was empty.

Dungeon Overview and Level Annotations

Branches:
Dungeon (13/15)            Temple (0/1) D:4            Lair (5/5) D:8
  Swamp (4/4) Lair:3       Spider (4/4) Lair:2        Slime (0/5) Lair:4
    Orc (2/2) D:9             Elf (0/3) Orc:2        Vaults (0/5) D:13
Ossuary (visited)          Bailey (visited)           IceCv (visited)

Altars:
Cheibriados
Dithmenos
Fedhas
Hepliaklqana
Kikubaaqudgha
Nemelex Xobeh
Qazlal
Sif Muna
Trog
Uskayaw
Xom
Yredelemnul
Zin
Jiyva

Shops:
D:6 :   D:7 (   D:8 (   D:9 :[   D:11 ?   Orc:2 [*:(

Portals:
Abyss: Swamp:4
Trove: D:10 (give +3 ice dragon scales)

Annotations:
D:8 exclusion: 2 electric eels
Lair:3 exclusion: oklob plant
Swamp:4 2 transporters, DeathSocks's ghost, adept VSBr
Spider:2 exclusion: 2 oklob plants


Innate Abilities, Weirdness & Mutations

You have a pair of horns on your head.
You reflexively headbutt those who attack you in melee.


Message History

The boulder beetle is severely wounded.
You slice the emperor scorpion simulacrum!!
You feel very sick.
The emperor scorpion simulacrum hits you.
* * * LOW HITPOINT WARNING * * *
The emperor scorpion simulacrum freezes you!
You resist.
* * * LOW HITPOINT WARNING * * *
The emperor scorpion simulacrum claws you.
* * * LOW HITPOINT WARNING * * *
The emperor scorpion simulacrum freezes you!
You resist.
* * * LOW HITPOINT WARNING * * *
The emperor scorpion simulacrum claws you but does no damage.
The boulder beetle is engulfed in freezing vapours.
The boulder beetle leaps!
Okay, then.
You slice the emperor scorpion simulacrum!!
The emperor scorpion simulacrum vaporises!
You feel sick.
You miss the spark wasp. Your headbutt misses the spark wasp.
You feel sick.
You cut the spark wasp into ribbons!!!
The spark wasp's magic leaks into the air.
Your headbutt misses the spark wasp.
The spark wasp is heavily wounded.
You feel sick.
You hear an angry buzzing noise.
You hear a hideous shriek!
The spark wasp is engulfed in freezing vapours.
The spark wasp stings you!
* * * LOW HITPOINT WARNING * * *
The spark wasp shocks you!
* * * LOW HITPOINT WARNING * * *
You slash the spark wasp!
The spark wasp's magic leaks into the air.
The spark wasp is severely wounded.
You feel sick.
A meliai comes into view. It is wielding a +0 hand axe.
The spark wasp is engulfed in freezing vapours.
The spark wasp stings you!
You die...

.........#.#..
#..##......... ..##
..####.#..#..## ....
###.^#.###..##.## ...##
..##..#.^##.^#..# ..:.#
.........#...#..###....#.
.†.......##..............
##.#####.......^))†.s....
.###.......#.##.@y.....y.
..###...#..###..###....#.
###....#.....B..# ...#
##...#..#.#..## .##
#^..##..###.## #
##..#..^# ### ...###..
... .#.


You could see a boulder beetle (soul bound), a spark wasp (soul bound, magic
disrupted), a demonic crawler and a meliai.

Vanquished Creatures
  Mara (Spider:3)
  Arachne (Spider:2)
  2 tentacled monstrosities (Swamp:4)
  Mlioglotl (Swamp:4)
  Frances (D:12)
  Agnes (Spider:2)
  2 thorn hunters (Swamp:4)
  Donald (Swamp:2)
  A rockslime (IceCv)
  3 azure jellies (IceCv)
  3 ghost moths
  3 emperor scorpions
  A ghoul (Swamp:2)
  4 quicksilver oozes (IceCv)
  3 orc warlords
  A broodmother (Spider:2)
  An ironbound preserver (D:13)
  2 very ugly things (Swamp:4)
  The ghost of jfitz the Thaumaturge, a journeyman OnCA of Ignis (Lair:3)
  The ghost of Sundig the Blocker, a journeyman MiFi of Gozag (D:9)
  2 bunyips (Swamp:4)
  A spark wasp (Spider:4)
  5 eleionomae
  2 green deaths (Swamp:4)
  5 entropy weavers
  An entropy weaver (shapeshifter) (D:13)
  A shambling mangrove (Swamp:4)
  16 hydras
  4 centaur warriors
  A radroach (Spider:4)
  3 ghost crabs
  An ogre mage (Orc:2)
  7 two-headed ogres
  9 alligators
  7 death yaks (Lair:5)
  2 boulder beetles
  8 demonic crawlers
  An orc high priest (Orc:2)
  2 thrashing horrors (Swamp:4)
  13 spriggans
  9 pharaoh ants
  3 skysharks (Lair:5)
  8 orb spiders
  5 goliath frogs
  6 spriggan druids
  A glowing orange brain (D:13)
  3 sun moths
  8 swamp dragons
  2 orange crystal statues (IceCv)
  24 bog bodies
  6 orc knights
  Pikel (D:7)
  14 steelbarb worms
  2 deep elf pyromancers
  2 cyclopes
  16 wolf spiders
  3 manticores
  6 ugly things
  7 will-o-the-wisps
  6 elephants (Lair:4)
  5 orc sorcerers
  6 meliai
  2 kobold blastminers (Orc:2)
  4 black mambas
  4 orange demons (Swamp:4)
  An unseen horror (D:13)
  2 gargoyles (D:11)
  24 cane toads
  2 kobold demonologists (D:12)
  8 torpor snails
  8 rime drakes
  Maggie (D:9)
  12 komodo dragons
  10 trolls
  7 tyrant leeches
  15 tarantellas
  14 hornets
  17 blink frogs (Lair:5)
  6 dream sheep
  33 slime creatures
  20 jumping spiders
  16 culicivoras
  49 yaks
  2 vampires
  A wraith (D:11)
  5 wyverns
  6 shadows
  8 wargs
  A steam dragon (Lair:2)
  41 redbacks
  23 vampire mosquitoes
  2 basilisks
  16 swamp worms
  3 acid dragons
  6 great orb of eyes simulacra (IceCv)
  15 water moccasins
  A hydra simulacrum (Lair:3)
  32 orc warriors
  4 swamp drakes
  6 sky beasts
  An ice beast (D:7)
  A black mamba simulacrum (Lair:3)
  12 centaurs
  3 ogres (Orc:2)
  15 wolves
  A lemure (D:7)
  4 slime creature simulacra (IceCv)
  An elf zombie (Ossuary)
  13 kobold brigands
  14 bullfrogs
  4 necrophages (Swamp:2)
  4 scorpions
  A skyshark simulacrum (Lair:3)
  4 wights (D:9)
  4 glowing shapeshifter simulacra (IceCv)
  13 killer bees
  2 rime drake simulacra (Lair:3)
  11 electric eels
  8 howler monkeys
  2 bombardier beetles
  4 centaur zombies (Ossuary)
  4 hounds
  2 human zombies (Ossuary)
  16 orc priests
  2 jellies
  3 sleepcaps
  25 orc wizards
  Natasha (thrice) (D:2)
  An iguana (D:6)
  A polar bear simulacrum (Lair:3)
  5 hound zombies (Ossuary)
  3 mummies
  Robin (D:2)
  A gnoll (Bailey)
  17 adders
  4 ufetubi
  9 adder zombies (Ossuary)
  2 dart slugs
  80 orcs
  5 ball pythons
  9 bats
  6 endoplasms
  4 giant cockroaches
  2 gnoll zombies (Ossuary)
  25 goblins
  12 hobgoblins
  3 jackals (D:4)
  32 kobolds
  5 quokkas
  4 frilled lizards
  A goblin zombie (D:4)
  5 jackal zombies (Ossuary)
  3 kobold zombies
  7 orc zombies (Ossuary)
  6 rats
1125 creatures vanquished.

Vanquished Creatures (collateral kills)
  An orb spider (Spider:2)
  An orc knight (Orc:2)
  2 wights (D:9)
4 creatures vanquished.

Vanquished Creatures (others)
  2 bloated husks
  An orc (D:9)
  30 foxfires
33 creatures vanquished.

Grand Total: 1162 creatures vanquished

Notes
Turn   | Place    | Note
-------+----------+-------------------------------------------
     0 | D:1      | case the Minotaur Berserker began the quest for the Orb.
     0 | D:1      | Reached XP level 1. HP: 19/19 MP: 0/0
    18 | D:1      | Found a faded altar of an unknown god.
    20 | D:1      | Reached XP level 2. HP: 26/26 MP: 1/1
   506 | D:1      | Reached skill level 5 in Axes
   618 | D:1      | Reached XP level 3. HP: 27/31 MP: 2/2
  1093 | D:2      | Noticed Robin
  1098 | D:2      | Reached ** piety under Trog
  1108 | D:2      | Killed Robin
  1188 | D:2      | Reached XP level 4. HP: 35/39 MP: 3/3
  1366 | D:2      | Identified the +0 ring mail "Vokyurah" {Rampage Str+4}
  1466 | D:2      | Noticed Natasha
  1474 | D:2      | Killed Natasha
  1512 | D:2      | Noticed Natasha
  1521 | D:2      | Killed Natasha
  1522 | D:2      | Reached XP level 5. HP: 26/45 MP: 4/4
  1556 | D:2      | Noticed Natasha
  1566 | D:2      | Killed Natasha
  1796 | D:3      | Reached *** piety under Trog
  1812 | D:3      | Noticed a sky beast
  1826 | D:3      | Killed a sky beast
  1827 | D:3      | Reached XP level 6. HP: 51/51 MP: 5/5
  1870 | D:3      | Found a stormy altar of Qazlal.
  2344 | D:4      | Found a staircase to the Ecumenical Temple.
  2404 | D:4      | Found a sand-covered staircase.
  2409 | Ossuary  | Entered an ossuary
  2488 | Ossuary  | Reached skill level 1 in Shields
  2533 | Ossuary  | Reached **** piety under Trog
  2572 | Ossuary  | Reached XP level 7. HP: 48/57 MP: 6/6
  2589 | Ossuary  | Reached skill level 10 in Axes
  3232 | D:4      | Found a blossoming altar of Fedhas.
  3432 | D:5      | Entered Level 5 of the Dungeon
  3948 | D:5      | Reached XP level 8. HP: 56/64 MP: 5/7
  4261 | D:5      | Noticed a two-headed ogre
  4269 | D:5      | Killed a two-headed ogre
  4761 | D:6      | Found a shadowy altar of Dithmenos.
  4949 | D:6      | Found a sparkling altar of Nemelex Xobeh.
  5311 | D:6      | Found Xuaviul's Book Boutique.
  5442 | D:7      | Noticed Pikel
  5448 | D:7      | Killed Pikel
  5449 | D:7      | Reached XP level 9. HP: 70/70 MP: 6/8
  5544 | D:7      | Found Wumpyo's Weapon Shop.
  5714 | D:7      | Reached skill level 15 in Axes
  6025 | D:7      | Reached skill level 4 in Fighting
  6214 | D:7      | Found a bloodstained altar of Trog.
  6445 | D:7      | Reached skill level 5 in Fighting
  6445 | D:7      | Reached skill level 5 in Shields
  6694 | D:7      | Identified the +2 ring mail of Zilla {rElec}
  6930 | D:8      | Reached XP level 10. HP: 56/81 MP: 6/9
  7203 | D:8      | Found Ugaqeoj's Antique Weapon Emporium.
  7316 | D:8      | Found a staircase to the Lair.
  7613 | D:8      | Reached skill level 6 in Fighting
  7616 | D:8      | Reached ***** piety under Trog
  8614 | D:9      | Noticed Maggie
  8625 | D:9      | Killed Maggie
  8645 | D:9      | Found Rodieroi's Tiny Tomes.
  8771 | D:9      | Reached skill level 7 in Fighting
  9132 | D:9      | Reached skill level 8 in Fighting
  9138 | D:9      | Found a staircase to the Orcish Mines.
  9192 | D:9      | Noticed Sundig's ghost (journeyman MiFi)
  9192 | D:9      | Found a transporter.
  9195 | D:9      | Found Coafuz's Antique Armour Shop.
  9202 | D:9      | Bought a cloak for 130 gold pieces
  9269 | D:9      | Found a flagged portal.
  9282 | Bailey   | Entered a bailey
  9296 | Bailey   | Noticed an orc warlord
  9341 | Bailey   | Noticed an orc knight
  9355 | Bailey   | Killed an orc knight
  9374 | Bailey   | Found a runed translucent gate.
  9466 | Bailey   | Found a runed translucent gate.
  9467 | Bailey   | Found a runed translucent gate.
  9539 | Bailey   | Killed an orc warlord
  9540 | Bailey   | Reached skill level 9 in Fighting
  9540 | Bailey   | Reached XP level 11. HP: 97/97 MP: 7/10
  9552 | Bailey   | Identified the +1 scale mail "Leffut" {rElec Int+6 Dex+3}
  9569 | Bailey   | Reached XP level 12. HP: 102/104 MP: 11/11
  9615 | D:9      | Found a transporter.
  9766 | D:9      | Killed Sundig's ghost
 10149 | Lair:1   | Entered Level 1 of the Lair of Beasts
 10149 | Lair:1   | Noticed a five-headed hydra
 10265 | Lair:1   | Killed a two-headed hydra
 10547 | Lair:1   | Reached skill level 10 in Fighting
 10686 | Lair:1   | Reached skill level 5 in Armour
 10897 | Lair:1   | Reached skill level 11 in Fighting
 11429 | Lair:2   | Noticed a six-headed hydra
 11444 | Lair:2   | Killed a one-headed hydra
 11620 | Lair:2   | Found a hole to the Spider Nest.
 11717 | Lair:2   | Reached skill level 12 in Fighting
 11717 | Lair:2   | Reached XP level 13. HP: 108/118 MP: 12/12
 11719 | Lair:2   | Reached ****** piety under Trog
 11916 | Lair:2   | Received a gift from Trog
 12001 | Lair:2   | Identified the ring "Maetemy" {Int+3 Dex+6}
 12600 | Lair:3   | Found a runed translucent gate.
 12600 | Lair:3   | Found a runed translucent gate.
 12600 | Lair:3   | Found a runed translucent gate.
 12819 | Lair:3   | Noticed jfitz's ghost (journeyman OnCA)
 12859 | Lair:3   | Killed jfitz's ghost
 12860 | Lair:3   | Reached skill level 13 in Fighting
 12889 | Lair:3   | Got the ring "Syneten" {Fire rElec}
 13092 | Lair:3   | Found a staircase to the Swamp.
 13848 | Lair:4   | Reached skill level 10 in Armour
 13890 | Lair:4   | Identified the +9 executioner's axe "Newtslayer"
                  | {antimagic, rPois rF- Str+5 Dex-2} (Trog gifted it to you
                  | on level 4 of the Lair of Beasts)
 13890 | Lair:4   | Received a gift from Trog
 14025 | Lair:4   | Reached skill level 14 in Fighting
 14513 | Lair:4   | Found a viscous altar of Jiyva.
 14513 | Lair:4   | Found a staircase to the Slime Pits.
 14686 | Lair:5   | Entered Level 5 of the Lair of Beasts
 14959 | Lair:5   | Reached skill level 15 in Fighting
 14967 | Lair:5   | Reached XP level 14. HP: 77/135 MP: 3/13
 15366 | Lair:5   | Reached skill level 16 in Fighting
 15548 | Lair:5   | Received a gift from Trog
 16014 | Lair:5   | Identified a scroll of acquirement
 16015 | Lair:5   | Acquired the +1 pair of boots of Inference {Fly}
 16537 | Orc:1    | Entered Level 1 of the Orcish Mines
 16630 | Orc:2    | Entered Level 2 of the Orcish Mines
 16741 | Orc:2    | Noticed an orc warlord
 16761 | Orc:2    | Killed an orc warlord
 16762 | Orc:2    | Reached skill level 17 in Fighting
 16847 | Orc:2    | Noticed an orc warlord
 16909 | Orc:2    | Received a gift from Trog
 17083 | Orc:2    | Found Cafoo's Antique Armour Emporium.
 17169 | Orc:2    | Killed an orc warlord
 17173 | Orc:2    | Found Zoysh's General Store.
 17292 | Orc:2    | Bought a +1 hat for 143 gold pieces
 17367 | Orc:2    | Found a staircase to the Elven Halls.
 17660 | Orc:2    | Found Belosouck's Antique Weapon Emporium.
 17689 | Orc:2    | Bought a runed plate armour for 806 gold pieces
 17765 | Orc:2    | Found Jyceczin's Book Emporium.
 17913 | Orc:1    | Paralysed by an orc sorcerer for 5 turns
 18130 | Orc:1    | Reached skill level 18 in Fighting
 18197 | Orc:1    | Received a gift from Trog
 18328 | Orc:1    | Reached XP level 15. HP: 149/149 MP: 14/14
 18506 | D:10     | Entered Level 10 of the Dungeon
 18590 | D:10     | Found a portal to a secret trove of treasure.
 18600 | D:10     | Found a snail-covered altar of Cheibriados.
 19143 | D:10     | Found a shimmering blue altar of Sif Muna.
 19366 | D:11     | Found Woicuaj's Magic Scroll Shoppe.
 19375 | D:11     | Bought a scroll of identify for 28 gold pieces
 19375 | D:11     | Bought a scroll of identify for 28 gold pieces
 19375 | D:11     | Bought a scroll of enchant armour for 105 gold pieces
 19539 | D:11     | Identified the +1 pair of boots of Optimism {rElec rPois
                  | Regen+ Str-4}
 19624 | D:11     | Received a gift from Trog
 20235 | D:12     | Reached skill level 19 in Fighting
 20266 | D:12     | Noticed Frances
 20276 | D:12     | Killed Frances
 20417 | D:12     | Found a glowing silver altar of Zin.
 21224 | D:13     | Found a gate to the Vaults.
 21345 | D:13     | Received a gift from Trog
 21346 | D:13     | Reached skill level 15 in Armour
 21441 | D:13     | Reached skill level 20 in Fighting
 21542 | D:13     | Identified the +8 crystal plate armour of Wasted Space
                  | {Slay+2 Stlth+}
 21832 | D:13     | Found an ancient bone altar of Kikubaaqudgha.
 22308 | Swamp:1  | Entered Level 1 of the Swamp
 22484 | Swamp:1  | Reached skill level 21 in Fighting
 22636 | Swamp:1  | Found a hide-covered altar of Uskayaw.
 23004 | Swamp:1  | HP: 7/158 [poison (poison gas)]
 23400 | Swamp:1  | Reached XP level 16. HP: 112/168 MP: 2/15
 23406 | Swamp:1  | Found a basalt altar of Yredelemnul.
 23424 | Swamp:1  | Reached skill level 22 in Fighting
 23824 | Swamp:2  | Received a gift from Trog
 23964 | Swamp:2  | Acquired the +0 pair of boots "Atelaot" {+Blink rPois MP-9
                  | Stlth+}
 24088 | Swamp:2  | Found a shimmering altar of Xom.
 24429 | Swamp:2  | Reached skill level 23 in Fighting
 24568 | Swamp:2  | Noticed Donald
 24580 | Swamp:2  | Killed Donald
 24794 | Swamp:3  | Found a hazy altar of Hepliaklqana.
 25039 | Swamp:3  | Received a gift from Trog
 25434 | Swamp:4  | Entered Level 4 of the Swamp
 25434 | Swamp:4  | Noticed a thorn hunter
 25550 | Swamp:4  | Killed a thorn hunter
 25572 | Swamp:4  | Noticed Mlioglotl
 25581 | Swamp:4  | Killed Mlioglotl
 25582 | Swamp:4  | Reached skill level 24 in Fighting
 25582 | Swamp:4  | Reached skill level 1 in Evocations
 25831 | Swamp:4  | Noticed a Hell Sentinel
 25835 | Swamp:4  | Found a transporter.
 25838 | Swamp:4  | Noticed a thorn hunter
 25845 | Swamp:4  | Killed a thorn hunter
 26026 | Swamp:4  | Noticed a tentacled monstrosity
 26034 | Swamp:4  | Killed a tentacled monstrosity
 26385 | Swamp:4  | Found a one-way gate to the infinite horrors of the Abyss.
 26385 | Swamp:4  | Noticed DeathSocks's ghost (adept VSBr)
 26400 | Swamp:4  | Found a transporter.
 26561 | Swamp:4  | Reached XP level 17. HP: 134/184 MP: 16/16
 26681 | Swamp:4  | Reached skill level 25 in Fighting
 26993 | Swamp:4  | Received a gift from Trog
 27001 | Swamp:4  | Noticed a tentacled monstrosity
 27010 | Swamp:4  | HP: 8/185 [poisoned by a green death (bolt of poison)]
 27018 | Swamp:4  | Killed a tentacled monstrosity
 27571 | Swamp:4  | Got a decaying rune of Zot
 27828 | Spider:1 | Entered Level 1 of the Spider Nest
 27972 | Spider:1 | Identified the +11 scimitar of Gin and Tonic {pain, rF+
                  | SInv}
 28248 | Spider:1 | Reached skill level 26 in Fighting
 28692 | Spider:1 | Identified the +6 chain mail of Xom's Condemnation {*Slow
                  | +Inv rElec Stlth+}
 29170 | Spider:2 | Noticed Arachne
 29182 | Spider:2 | Killed Arachne
 29556 | Spider:2 | Received a gift from Trog
 29569 | Spider:2 | Reached skill level 5 in Evocations
 30205 | Spider:2 | Reached skill level 27 in Fighting
 30223 | Spider:2 | Noticed Agnes
 30228 | Spider:2 | Killed Agnes
 30703 | Spider:3 | Noticed Mara
 30717 | Spider:3 | Noticed case's illusion
 30720 | Spider:3 | Killed Mara
 30980 | Spider:3 | Reached XP level 18. HP: 200/200 MP: 17/17
 31394 | Spider:3 | Received a gift from Trog
 31998 | Spider:3 | Identified the +1 robe of Baldness {^Contam Will++ rCorr
                  | Dex+3}
 32263 | Spider:4 | Entered Level 4 of the Spider Nest
 32264 | Spider:4 | Found a glacial archway.
 32279 | IceCv    | Entered an ice cave
 32862 | IceCv    | Found a viscous altar of Jiyva.
 32928 | IceCv    | Identified the amulet of Attitude {Faith ^Contam ^Drain
                  | rPois rF+++}
 33330 | Spider:4 | Received a gift from Trog
 33367 | Spider:4 | HP: 10/300 [spark wasp (14)]
 33368 | Spider:4 | Slain by a spark wasp

Illustrated notes

Levels and vault maps discovered:
D:1:      psy_arrival_terrarium, layout_loops_corners,
          shapermc_ecumenical_altar_starsandcircs, dk_noncrumbling_4
D:2:      layout_rooms, minmay_split_cup_small, uniq_robin, uniq_natasha
D:3:      layout_basic, nicolae_qazlal_beasts_of_the_sky
D:4:      layout_cave_pools, mainiacjoe_overflow_alcove_4,
          minmay_temple_entry_sparse_star, nicolae_ossuary_entry_giza
D:5:      kennysheep_big_flooded_room, layout_basic, bh_walls_and_bars
D:6:      layout_rooms, grunt_temple_overflow_open, serial_shops,
          kennysheep_little_box
D:7:      layout_basic, mainiacjoe_overflow_surrounded_room, serial_shops, shop,
          uniq_pikel
D:8:      layout_layer_cave, erik_lair_island, hangedman_abyss_or_decor_slice,
          nicolae_stop_n_shop_2, amcnicky_mini_pool_small, dk_noncrumbling_3
D:9:      layout_basic, erik_orc_2, gammafunk_ghost_arena, enter_bailey_3,
          serial_shops, nicolae_shop_just_a_little_nook,
          nicolae_shop_i_like_small_books_too, uniq_maurice, uniq_maggie
D:10:     layout_long_grid, nicolae_sif_muna_little_library,
          cheibriados_altar_1, nicolae_trove_entry_crossroad, hangedman_ranch
D:11:     layout_basic, serial_shops, nicolae_diamond_shop
D:12:     layout_stronghold, zin_angel, uniq_frances
D:13:     minmay_clustersquares, layout_cave_pods,
          hellmonk_vaults_order_and_chaos, kiku_gazebo_garden_becter
Lair:1:   layout_regular_city
Lair:2:   minmay_lair_venomous_thicket, layout_cellular_growth,
          spider_nest_entry_web_field, gauntlet_entry_generic,
          beast_lair_carwin_3
Lair:3:   minmay_lair_oklob_chamber, layout_cave_pods, minmay_swamp_entry_wisps,
          gammafunk_ghost_icy, serial_bayou_shore_a, serial_bayou_shore_b,
          lemuel_fruit_fields
Lair:4:   layout_loops_ring, dpeg_slime_entry_enclosed, minivault_27,
          serial_bayou_shore_b
Lair:5:   minmay_lair_end_frog_pond, layout_regular_city
Swamp:1:  layout_falls_marsh, lemuel_altar_in_water, swamp_pool_3,
          grunt_ruined_hall
Swamp:2:  layout_basic_swamp, infiniplex_staircase_pool, nicolae_swamp_godswood,
          swamp_pool_5, hangedman_swamp_ravenous, uniq_donald
Swamp:3:  layout_basic_swamp, basic_altar
Swamp:4:  swamp_vile, layout_basic_swamp, gammafunk_ghost_abyssal_escape,
          uniq_mlioglotl
Spider:1: layout_spider_delve, drop_trap
Spider:2: spider_temple_joshua, guppyfry_spider_mini_3, uniq_agnes, uniq_arachne
Spider:3: layout_chambers, hellmonk_motheaten_closet, uniq_mara
Spider:4: hellmonk_spider_rune_bug_friends, portal_ice_cave_entry_pillars_three,
          nicolae_spider_scorpion_nest, hangedman_spider_tarantella_strand
Orc:1:    layout_diamond_mine, nooodl_orcs_dogs
Orc:2:    grunt_orc_cross, layout_diamond_mine

Skill      XL: |  1  2  3  4  5  6  7  8  9 10 11 12 13 14 15 16 17 18 |
---------------+-------------------------------------------------------+-----
Axes           | 4 5 6 7 8 9 11 14 15 17 19 20 22 | 22.0
Shields        | 1 2 3 5 7 |  7.2
Fighting       | 5 9 12 15 18 21 24 27 | 27.0
Armour         | 3 8 11 14 15 16 | 16.7
Dodging        | 3 |  3.4
Evocations     | 2 7 |  7.0

Action                     |  1- 3 |  4- 6 |  7- 9 | 10-12 | 13-15 | 16-18 || total
---------------------------+-------+-------+-------+-------+-------+-------++-------
  Melee: Hand axe          |    71 |    77 |       |       |       |       ||   148
         Headbutt          |     7 |    21 |    41 |    71 |   164 |   181 ||   485
         War axe           |       |    83 |   255 |   135 |       |       ||   473
         Battleaxe         |       |       |       |   224 |   611 |   525 ||  1360
         Long sword        |       |       |       |    19 |    18 |       ||    37
         Punch             |       |       |       |     1 |       |       ||     1
         Executioner's axe |       |       |       |       |   202 |   223 ||   425
         Scimitar          |       |       |       |       |       |     5 ||     5
 Invoke: Berserk           |     1 |     1 |     5 |     6 |     9 |     5 ||    27
         Trog's Hand       |       |       |       |     2 |     4 |     3 ||     9
         Brothers in Arms  |       |       |       |     1 |     1 |     1 ||     3
Ability: Evoke Blink       |       |       |       |       |       |     1 ||     1
    Use: Scroll            |     1 |       |     2 |    11 |    18 |     5 ||    37
         Potion            |       |       |       |     2 |     3 |     4 ||     9
   Stab: Distracted        |       |       |       |       |       |     2 ||     2
 Armour: Animal skin       |    22 |       |       |       |       |       ||    22
         Scale mail        |    19 |     5 |       |    11 |       |       ||    35
         Ring mail         |       |    76 |   165 |    83 |       |       ||   324
         Plate armour      |       |       |       |   170 |   576 |       ||   746
         Crystal plate arm |       |       |       |       |   154 |   844 ||   998
  Dodge: Dodged            |    41 |    80 |   102 |   208 |   509 |   449 ||  1389
  Block: Buckler           |       |    12 |    30 |    27 |       |       ||    69

Table legend: (Time is in decaauts)
 A = Elapsed time spent in this place.
 B = Non-inter-level travel time spent in this place.
 C = Inter-level travel time spent in this place.
 D = Time resting spent in this place.
 E = Time spent auto-exploring this place.
 F = Levels seen in this place.
 G = Mean time per level.
                   A        B        C        D        E       F      G
               +--------+--------+--------+--------+--------+-----+--------+
         Total |  33289 |  31719 |   1570 |   2139 |  23621 |  31 | 1073.8 |
       Dungeon |  13359 |  12404 |    955 |    297 |   9826 |  13 | 1027.6 |
          Lair |   6841 |   6556 |    285 |    584 |   5027 |   5 | 1368.2 |
         Swamp |   5032 |   4882 |    150 |   1063 |   2779 |   4 | 1258.0 |
   Spider Nest |   4707 |   4605 |    102 |     69 |   3867 |   4 | 1176.8 |
  Orcish Mines |   1904 |   1828 |     76 |     46 |   1386 |   2 |  952.0 |
       Ossuary |    414 |    414 |      0 |      0 |    236 |   1 |  414.0 |
        Bailey |    307 |    307 |      0 |     78 |     27 |   1 |  307.0 |
      Ice Cave |    722 |    722 |      0 |      0 |    472 |   1 |  722.0 |
               +--------+--------+--------+--------+--------+-----+--------+

Top non-repeatable levels by time:
 Swamp:4: 2040 daAuts
  Lair:3: 1905 daAuts
     D:8: 1860 daAuts
  Lair:5: 1704 daAuts
Spider:2: 1692 daAuts
Spider:3: 1640 daAuts
     D:7: 1485 daAuts
  Lair:2: 1238 daAuts
   Orc:2: 1219 daAuts
     D:9: 1219 daAuts
     D:5: 1162 daAuts
  Lair:1: 1121 daAuts
     D:1: 1096 daAuts
    D:13: 1068 daAuts
 Swamp:2: 1044 daAuts
